 Dungeon Crawl Stone Soup version 0.23-a0-629-gae4348f6cf (webtiles) character file.

902 HereIgoKillingAgain the Sneak (level 7, -1/52 HPs)
             Began as a Vampire Gladiator on Dec 23, 2018.
             Was a Follower of Okawaru.
             Slain by an orc warrior
             ... wielding a +0 short sword
              (19 damage)
             ... on level 6 of the Dungeon on Dec 25, 2018.
             The game lasted 00:12:08 (5934 turns).

HereIgoKillingAgain the Sneak (Vampire Gladiator)   Turns: 5934, Time: 00:12:09

Health: -1/52      AC:  3    Str: 13    XL:     7   Next: 80%
Magic:  7/7        EV: 16    Int: 13    God:    Okawaru [*.....]
Gold:   346        SH:  0    Dex: 23    Spells: 3/6 levels left

rFire    . . .     SeeInvis +   u - +12 mace "Zyrchyem" {crush, Dex+6}
rCold    + . .     Gourm    .   (no shield)
rNeg     + + .     Faith    .   b - +1 leather armour
rPois    +         Spirit   .   v - +0 helmet {SInv}
rElec    .         Reflect  .   w - scarf {cloud immunity}
rCorr    .         Harm     .   (no gloves)
MR       +....                  (no boots)
Stlth    +++++.....             (no amulet)
HPRegen  0.08/turn              p - +2 ring of intelligence
MPRegen  0.10/turn              q - ring of protection from magic

@: regenerating slowly
A: fangs 3, see invisible, deformed body, unbreathing, sturdy frame 1
a: Bat Form, Heroism, Renounce Religion


You were on level 6 of the Dungeon.
You worshipped Okawaru.
Okawaru was aware of your devotion.
You were near bloodless.

You visited 2 branches of the dungeon, and saw 7 of its levels.

You collected 346 gold pieces.

Inventory:

Hand Weapons
 a - a +0 rapier
 d - a +1 vampiric spear
 u - the +12 mace "Zyrchyem" (weapon) {crush, Dex+6}
   (You found it on level 4 of the Dungeon)

   It inflicts extra damage upon your enemies.
   It affects your dexterity (+6).
Armour
 b - a +1 leather armour (worn)
 c - a +0 helmet
 r - a +2 helmet
 v - a +0 helmet of see invisible (worn)
 w - a scarf of cloud immunity (worn)
Jewellery
 p - a +2 ring of intelligence (left hand)
 q - a ring of protection from magic (right hand)
Wands
 t - a wand of digging (6)
Scrolls
 f - a scroll of blinking
 g - a scroll of enchant weapon
 l - 3 scrolls of teleportation
 x - 2 scrolls of amnesia {unknown}
Potions
 e - 8 potions of blood
 h - a potion of resistance {unknown}
 i - 2 potions of magic
 k - a potion of lignification
 m - a potion of flight {unknown}
 n - a potion of degeneration {unknown}
 o - a potion of brilliance
 s - 2 potions of might


   Skills:
 + Level 3.5 Fighting
 - Level 4.9 Short Blades
 * Level 3.8 Maces & Flails
 - Level 1.5 Throwing
 + Level 4.9 Dodging
 - Level 6.8 Stealth
 - Level 0.1 Spellcasting
 - Level 0.1 Air Magic
 - Level 0.1 Poison Magic


You had 3 spell levels left.
You knew the following spells:

 Your Spells              Type           Power        Failure   Level  Hunger
a - Mephitic Cloud        Conj/Pois/Air  #.......     67%         3    ####...

Your spell library contained the following spells:

 Spells                   Type           Power        Failure   Level  Hunger
 Magic Dart               Conj           #...         30%         1    ##.....
 Confusing Touch          Hex            #.....       32%         1    ##.....
 Blink                    Tloc           N/A          43%         2    ###....
 Call Imp                 Summ           #.......     43%         2    ###....
 Slow                     Hex            #.......     43%         2    ###....
 Confuse                  Hex            #.......     67%         3    ####...
 Conjure Flame            Conj/Fire      #.......     67%         3    ####...
 Gell's Gravitas          Tloc           #.........   67%         3    ####...
 Petrify                  Tmut/Erth      #.......     97%         4    #####..
 Metabolic Englaciation   Hex/Ice        #.........   100%        5    ######.
 Yara's Violent Unravell  Hex/Tmut       #.........   100%        5    ######.


Dungeon Overview and Level Annotations

Branches:
Dungeon (6/15)             Temple (1/1) D:4

Altars:
Ashenzari
Dithmenos
Elyvilon
Fedhas
Gozag
Hepliaklqana
Kikubaaqudgha
Makhleb
Nemelex Xobeh
Okawaru
Qazlal
Ru
Trog
Uskayaw
Vehumet
Wu Jian
Yredelemnul
Zin
The Shining One

Shops:
D:5 [


Innate Abilities, Weirdness & Mutations

You heal slowly.
You have razor-sharp teeth.
You have supernaturally acute eyesight. (SInv)
You can survive without breathing.
Armour fits poorly on your strangely shaped body.
Your movements are slightly less encumbered by armour. (ER -2)


Message History

You kill the orc wizard!
Okawaru accepts your kill. The orc warrior barely misses you.
You sock the orc warrior!
The orc warrior is severely wounded.
The orc warrior hits you with a +0 short sword!
* * * LOW HITPOINT WARNING * * *
The orc warrior hits you with a +0 short sword!
* * * LOW HITPOINT WARNING * * *
Your leather armour prevents you from hitting the orc warrior.
You bite the orc warrior, but do no damage.
The orc warrior is severely wounded.
The orc warrior barely misses you.
Unknown command.
You feel better.
The orc warrior hits you with a +0 short sword.
* * * LOW HITPOINT WARNING * * *
You feel better.
The orc warrior hits you with a +0 short sword!!
You die...

....
............$...
# #..
................
# #.#
.......#......
###.#
..........#.
..#.#
#.#o......#
..#.###
#oo........
#<....##
#F#.o.....#
#......#
#o##o....##
###....# #@#
......# #....##
#)# .......
#.....### #.#
......#
#.......# ##.#
.....##
#....##.#####..#
....##
#######.......##
..###
####.(.....# #
##.........## #
#..##......#


You could see an orc warrior, a bullfrog, an orc wizard (invisible) and an orc.

Vanquished Creatures
  A hippogriff (D:5)
  A wyvern zombie (D:6)
  A scorpion (D:6)
  A crimson imp (D:5)
  A hound (D:5)
  An orc priest (D:6)
  A centaur skeleton (D:5)
  2 bullfrog skeletons
  4 orc wizards
  A worker ant (D:5)
  A hound skeleton (D:5)
  Robin (D:2)
  7 gnolls
  6 adders
  An adder zombie (D:6)
  3 worms
  5 dart slugs
  6 leopard geckos
  15 orcs
  3 ball pythons
  2 bats (D:1)
  2 giant cockroaches
  17 goblins
  12 hobgoblins
  3 jackals (D:2)
  7 kobolds
  2 quokkas
  5 frilled lizards
  A giant cockroach zombie (D:5)
  A quokka skeleton (D:5)
  8 rats
122 creatures vanquished.

Notes
Turn   | Place    | Note
-------+----------+-------------------------------------------
     0 | D:1      | HereIgoKillingAgain the Vampire Gladiator began the quest
                  | for the Orb.
     0 | D:1      | Reached XP level 1. HP: 16/16 MP: 1/1
    12 | D:1      | Upgraded the game from 0.23-a0-619-g281719c6f9 to
                  | 0.23-a0-629-gae4348f6cf
    34 | D:1      | Reached skill level 1 in Stealth
    83 | D:1      | Reached skill level 2 in Stealth
   287 | D:1      | Reached XP level 2. HP: 22/22 MP: 2/2
   300 | D:1      | Reached skill level 3 in Stealth
   844 | D:1      | Reached XP level 3. HP: 27/27 MP: 3/3
  1075 | D:2      | Reached skill level 4 in Stealth
  1336 | D:2      | Reached XP level 4. HP: 33/33 MP: 4/4
  1455 | D:2      | Noticed Robin
  1465 | D:2      | Reached skill level 5 in Stealth
  1500 | D:2      | Killed Robin
  1521 | D:2      | Gained mutation: Armour fits poorly on your strangely
                  | shaped body. [potion of mutation]
  1521 | D:2      | Gained mutation: You possess an exceptional clarity of
                  | mind. [potion of mutation]
  1521 | D:2      | Lost mutation: You possess an exceptional clarity of mind.
                  | [potion of mutation]
  1521 | D:2      | Gained mutation: Your movements are slightly less
                  | encumbered by armour. (ER -2) [potion of mutation]
  1767 | D:2      | Reached XP level 5. HP: 18/38 MP: 5/5
  1773 | D:2      | Reached skill level 6 in Stealth
  2345 | D:3      | Found an opulent altar of Gozag.
  2928 | D:3      | Found a radiant altar of Vehumet.
  2928 | D:3      | Found a shadowy altar of Dithmenos.
  3305 | D:4      | Learned a level 3 spell: Mephitic Cloud
  3415 | D:4      | Got a transparent mace
  3416 | D:4      | Identified the +12 mace "Zyrchyem" {crush, Dex+6} (You
                  | found it on level 4 of the Dungeon)
  3445 | D:4      | Found a staircase to the Ecumenical Temple.
  3539 | Temple   | Entered the Ecumenical Temple
  3712 | Temple   | Became a worshipper of Warmaster Okawaru
  4186 | D:5      | Entered Level 5 of the Dungeon
  4186 | D:5      | Noticed a hippogriff
  4191 | D:5      | Killed a hippogriff
  4191 | D:5      | Reached XP level 6. HP: 4/46 MP: 6/6
  4823 | D:5      | Found a white marble altar of Elyvilon.
  4832 | D:5      | Reached * piety under Okawaru
  4852 | D:5      | Reached XP level 7. HP: 43/51 MP: 7/7
  5004 | D:5      | Found Zayjucho's Armour Boutique.
  5934 | D:6      | Slain by an orc warrior

Vault maps used:
D:1:      tarquinn_simple_flora_water_f, glass_columns_c, roderic_roman_lattice
D:2:      kb_forest_paths, minmay_quadrilaterals, uniq_robin
D:3:      gammafunk_temple_overflow_elements, grunt_gozag_statues
D:4:      lemuel_temple_firewalk_b, first_ration, grunt_decor_cap
D:5:      basic_altar, serial_shops, nicolae_shop_statue_plus, corexii_shack
Temple:   eino_temple_scatter_basement

Skill      XL: |  1  2  3  4  5  6  7 |
---------------+----------------------+-----
Stealth        | 2 3 4 5 6 |  6.8
Short Blades   | 4 |  4.9
Fighting       | 2 3 |  3.5
Maces & Flails | 2 3 |  3.8
Dodging        | 4 |  4.9
Throwing       | |  1.5
Spellcasting   | |  0.1
Air Magic      | |  0.1
Poison Magic   | |  0.1

Action                   |  1- 3 |  4- 6 |  7- 9 || total
-------------------------+-------+-------+-------++-------
Melee: Rapier            |   105 |   107 |       ||   212
       Bite              |     7 |    25 |    10 ||    42
       Spear             |       |    43 |       ||    43
       Mace              |       |    18 |    59 ||    77
Throw: Throwing net      |     6 |       |       ||     6
  Use: Potion            |       |     8 |     8 ||    16
       Scroll            |       |    10 |       ||    10
 Stab: Sleeping          |    11 |    14 |     4 ||    29
       Distracted        |       |     1 |     1 ||     2
Armor: Leather armour    |    43 |    23 |    11 ||    77
Dodge: Dodged            |   104 |    99 |    54 ||   257

Table legend:
 A = Non-vault XP
 B = Vault XP
 C = Vault XP percentage of total XP
 D = Non-vault monster count
 E = Vault monster count
 F = Vault count percentage of total count
                 A         B        C        D         E       F
            +---------+---------+-------+---------+---------+-------
      Total |    1230 |      59 |   4.6 |      97 |      25 |  20.5
            +---------+---------+-------+---------+---------+-------
        D:1 |      45 |       0 |   0.0 |      17 |       0 |   0.0
        D:2 |     116 |      56 |  32.6 |      25 |      24 |  49.0
        D:3 |      42 |       0 |   0.0 |      15 |       0 |   0.0
        D:4 |     116 |       0 |   0.0 |      13 |       0 |   0.0
        D:5 |     625 |       3 |   0.5 |      19 |       1 |   5.0
        D:6 |     286 |       0 |   0.0 |       8 |       0 |   0.0
            +---------+---------+-------+---------+---------+-------
